 Dungeon Crawl Stone Soup version 0.28-a0-851-g8b9cc49659 (console) character file.

Game seed: 5062961054867449141

4106 jejorda2 the Slicer (level 10, 0/81 HPs)
             Began as a Yellow Draconian Enchanter on Nov 14, 2021.
             Was a Believer of Okawaru.
             Slain by Harold (14 damage)
             ... on level 8 of the Dungeon.
             The game lasted 00:34:20 (10489 turns).

jejorda2 the Slicer (Yellow Draconian Enchanter)   Turns: 10489, Time: 00:34:20

Health: 0/81       AC: 13    Str: 11    XL:     10   Next: 6%
Magic:  9/15       EV: 13    Int: 15    God:    Okawaru [**....]
Gold:   422        SH:  0    Dex: 20    Spells: 5/13 levels left

rFire   . . .      SeeInvis .   b - +9 whip {vorpal, rElec Dex+5}
rCold   . . .      Faith    .   (no shield)
rNeg    . . .      Spirit   .   (armour unavailable)
rPois   .          Reflect  .   (helmet restricted)
rElec   +          Harm     .   q - +2 cloak
rCorr   +          Rampage  .   e - +2 pair of gloves
Will    .....                   (no boots)
Stlth   ++........              (no amulet)
HPRegen 0.23/turn               B - +4 ring of slaying
MPRegen 0.14/turn               (no ring)

@: confusing by touch, short of breath, marked
A: spit acid, AC +7, unfitting armour, cold-blooded, acid resistance
a: Breathe Acid, Renounce Religion, Heroism


You were on level 8 of the Dungeon.
You worshipped Okawaru.
Okawaru was pleased with you.
You visited 2 branches of the dungeon, and saw 9 of its levels.

You collected 422 gold pieces.

Inventory:

Hand Weapons
 a - a +1 dagger
 b - the +9 whip of the Everdark (weapon) {vorpal, rElec Dex+5}
   (You found it on level 4 of the Dungeon)

   It inflicts extra damage upon your enemies.
   Dex:       It affects your dexterity (+5).
   rElec:     It insulates you from electricity.
 t - a +1 whip of electrocution
Missiles
 c - 230 stones
 k - 11 boomerangs
 n - 45 poisoned darts (quivered)
 u - 3 datura-tipped darts
 A - 3 throwing nets
Armour
 e - a +2 pair of gloves (worn)
 q - a +2 cloak (worn)
Jewellery
 B - a +4 ring of slaying (left hand)
Wands
 w - a wand of paralysis (14)
 y - a wand of acid (9)
Scrolls
 x - a scroll of fog
 z - a scroll of identify
Potions
 d - a potion of ambrosia {unknown}
 f - a potion of brilliance {unknown}
 g - 4 potions of heal wounds
 h - 2 potions of mutation
 i - a potion of attraction {unknown}
 j - a potion of degeneration {unknown}
 l - 5 potions of curing
 m - 2 potions of invisibility
 o - a potion of lignification {unknown}
 p - a potion of magic {unknown}
 r - 2 potions of cancellation
 s - a potion of haste {unknown}
 v - a potion of flight {unknown}


   Skills:
 + Level 5.0 Fighting
 - Level 10.0 Short Blades
 + Level 2.2 Throwing
 + Level 3.1 Dodging
 - Level 2.6 Stealth
 - Level 2.2 Spellcasting
 - Level 5.0 Hexes
 - Level 3.0 Ice Magic
 - Level 7.0 Invocations


You had 5 spell levels left.
You knew the following spells:

 Your Spells              Type           Power      Damage    Failure   Level
a - Ensorcelled Hibernat  Hex/Ice        26%        N/A       6%          2
b - Confusing Touch       Hex            16%        N/A       9%          3
c - Tukima's Dance        Hex            16%        N/A       9%          3

Your spell library contained the following spells:

 Spells                   Type           Power      Damage    Failure   Level
 Magic Dart               Conj           4%         1d3       22%         1
 Dazzling Flash           Conj/Hex       18%        N/A       24%         3
 Gell's Gravitas          Tloc           1%         N/A       54%         3
 Mephitic Cloud           Conj/Pois/Air  1%         N/A       54%         3
 Teleport Other           Tloc           1%         N/A       54%         3
 Dispersal                Tloc           0%         N/A       100%        6
 Call Imp                 Summ           Unusable   N/A       N/A         2

Dungeon Overview and Level Annotations

Branches:
Dungeon (8/15)             Temple (1/1) D:5
   Lair: D:8-11

Altars:
Ashenzari
Cheibriados
Dithmenos
Elyvilon
Fedhas
Gozag
Hepliaklqana
Makhleb
Nemelex Xobeh
Okawaru
Qazlal
Ru
Sif Muna
Trog
Uskayaw
Vehumet
Wu Jian
Xom
Yredelemnul
Zin
The Shining One
Beogh

Shops:
D:8 :

Annotations:
D:7 3 runed translucent doors, Bediveer's ghost, novice MiBe
D:8 Harold


Innate Abilities, Weirdness & Mutations

You can spit globs of acid.
Your golden yellow scales are hard. (AC +7)
You cannot fit into any form of body armour.
You are cold-blooded and may be slowed by cold attacks.
You are resistant to acid. (rCorr)


Message History

A sentinel's mark forms upon you.
Casting: Confusing Touch (dangerous; 9% risk of failure)
Confirm with . or Enter, or press ? or * to list all spells.
Your hands begin to glow red.
Casting: Confusing Touch (dangerous; 9% risk of failure)
Confirm with . or Enter, or press ? or * to list all spells.
Aiming: Ensorcelled Hibernation (safe; 6% risk of failure)
Press: ? - help, Shift-Dir - straight line, f - Harold
Aim: Harold, wielding a +0 scimitar, wearing a +0 scale mail, quivering a throwing net and carrying a wand of iceblast (5) (chance to confuse on hit: 16%, chance to affect: 14%) Harold resists with almost no effort.
There is an open door here.
You hit Harold but do no damage. You hit Harold but do no damage.
You tail-slap Harold, but do no damage. Harold barely misses you.
You hit Harold but do no damage. You barely miss Harold.
Harold hits you with a +0 scimitar.
You hit Harold but do no damage.
You feel agile.
b - the +9 whip of the Everdark (weapon)
{vorpal, rElec Dex+5} Harold hits you with a +0 scimitar!
You hit Harold but do no damage. Harold closely misses you.
You hit Harold but do no damage. Harold hits you with a +0 scimitar!!
You hit Harold but do no damage. Harold hits you with a +0 scimitar!
You hit Harold but do no damage. You tail-slap Harold, but do no damage.
Harold closely misses you.
Press: ? - help, Shift-Dir - straight line, f/p - Harold
Aim: Harold, wielding a +0 scimitar, wearing a +0 scale mail, quivering a throwing net and carrying a wand of iceblast (5) (chance to confuse on hit: 16%)
You spit a glob of acid.
The glob of acid hits Harold!
The acid corrodes Harold!
Harold is lightly wounded.
Your hands stop glowing.
Harold hits you with a +0 scimitar!
* * * LOW HITPOINT WARNING * * *
You whack Harold! You tail-slap Harold.
Harold is heavily wounded.
Harold misses you.
Casting: Ensorcelled Hibernation (safe; 6% risk of failure)
Confirm with . or Enter, or press ? or * to list all spells.
Your hands begin to glow red.
Harold hits you with a +0 scimitar!
You die...

#.........#
#....[....#
#.........#
#.........#
#.........#
#........######
#...##...# ...##
#...##...##....#
#...#.....@@...#
#...#.....#....#
#...#.....#....#
#...#.....#....#
#...##...##....#
#...##)).# ...##
#....)...# ...#
#...)#.........
#....#........


You could see Harold (corroded).

Vanquished Creatures
  Pikel (D:5)
  Joseph (D:8)
  A troll (D:7)
  Prince Ribbit (D:5)
  5 yaks
  Menkaure (D:5)
  Duvessa (D:7)
  An orc warrior (D:8)
  3 ice beasts
  2 ogres
  2 necrophages
  A lemure (D:5)
  Blork the orc (D:4)
  A gnoll sergeant (D:7)
  A scorpion (D:4)
  Dowan (D:7)
  A water moccasin skeleton (D:7)
  4 howler monkeys
  A bullfrog zombie (D:7)
  A gnoll shaman (D:4)
  5 hounds
  An orc priest (D:8)
  Crazy Yiuf (D:6)
  2 iguanas
  A hound skeleton (D:5)
  A mummy (D:4)
  15 gnolls
  A howler monkey skeleton (D:6)
  8 adders
  An ufetubus (D:5)
  An adder skeleton (D:4)
  3 worms (D:2)
  2 dart slugs
  7 orcs
  3 bats
  6 endoplasms
  3 giant cockroaches
  11 hobgoblins
  2 jackals (D:3)
  A quokka (D:3)
  6 ball pythons
  5 frilled lizards
  12 goblins
  A hobgoblin zombie (D:4)
  7 kobolds
  2 kobold zombies (D:4)
  An orc zombie (D:4)
  7 rats
147 creatures vanquished.

Vanquished Creatures (collateral kills)
  A yak (D:8)
  3 gnolls (D:8)
  A white imp (D:8)
5 creatures vanquished.

Vanquished Creatures (others)
  5 plants (D:5)
5 creatures vanquished.

Grand Total: 157 creatures vanquished

Notes
Turn   | Place    | Note
-------+----------+-------------------------------------------
     0 | D:1      | jejorda2 the Draconian Enchanter began the quest for the
                  | Orb.
     0 | D:1      | Reached XP level 1. HP: 14/14 MP: 3/3
   148 | D:1      | Reached XP level 2. HP: 9/20 MP: 5/5
   564 | D:1      | Found a faded altar of an unknown god.
   742 | D:1      | Learned a level 2 spell: Ensorcelled Hibernation
  1183 | D:2      | Reached skill level 1 in Ice Magic
  1388 | D:2      | Reached XP level 3. HP: 23/26 MP: 6/6
  1875 | D:2      | Reached skill level 2 in Short Blades
  2094 | D:2      | Reached XP level 4. HP: 33/33 MP: 4/7
  2098 | D:2      | Learned a level 3 spell: Confusing Touch
  3189 | D:4      | Identified the +9 whip of the Everdark {vorpal, rElec
                  | Dex+5}
  3251 | D:4      | Noticed Blork the orc
  3261 | D:4      | Killed Blork the orc
  3262 | D:4      | Reached skill level 1 in Fighting
  3262 | D:4      | Reached XP level 5. HP: 31/40 MP: 5/8
  3267 | D:4      | Reached skill level 3 in Short Blades
  3485 | D:4      | Reached XP level 6. HP: 39/48 MP: 2/9
  4165 | D:4      | Found a blossoming altar of Fedhas.
  4970 | D:4      | Found a blossoming altar of Fedhas.
  5192 | D:5      | Entered Level 5 of the Dungeon
  5200 | D:5      | Noticed an ice beast
  5239 | D:5      | Killed an ice beast
  5527 | D:5      | Found a staircase to the Ecumenical Temple.
  5536 | Temple   | Entered the Ecumenical Temple
  5835 | D:5      | Noticed Pikel
  5839 | D:5      | Found a white marble altar of Elyvilon.
  5881 | D:5      | Killed Pikel
  5882 | D:5      | Reached skill level 5 in Short Blades
  5882 | D:5      | Reached skill level 5 in Hexes
  5882 | D:5      | Your scales start taking on a golden yellow colour.
  5882 | D:5      | Reached XP level 7. HP: 14/59 MP: 1/10
  5882 | D:5      | Gained mutation: You are resistant to acid. (rCorr) [Yellow
                  | Draconian growth]
  6274 | D:5      | Noticed Menkaure
  6290 | D:5      | Killed Menkaure
  6291 | D:5      | Reached skill level 6 in Short Blades
  6291 | D:5      | Reached XP level 8. HP: 58/66 MP: 8/11
  6298 | D:5      | Learned a level 3 spell: Tukima's Dance
  6847 | D:5      | Reached skill level 7 in Short Blades
  6922 | D:5      | Found a burning altar of Makhleb.
  6928 | D:5      | Found an iron altar of Okawaru.
  6932 | D:5      | Became a worshipper of Warmaster Okawaru
  6937 | D:5      | Found a shadowy altar of Dithmenos.
  6943 | D:5      | Found a shimmering altar of Xom.
  6947 | D:5      | Found a snail-covered altar of Cheibriados.
  6949 | D:5      | Found an opulent altar of Gozag.
  6959 | D:5      | Found a sparkling altar of Nemelex Xobeh.
  6997 | D:6      | Found a bloodstained altar of Trog.
  7005 | D:6      | Reached skill level 1 in Invocations
  7121 | D:6      | Noticed Prince Ribbit
  7202 | D:5      | Killed Prince Ribbit
  7594 | D:6      | Reached skill level 8 in Short Blades
  7891 | D:6      | Found a runed translucent door.
  7893 | D:6      | Noticed Crazy Yiuf
  7899 | D:6      | Killed Crazy Yiuf
  7908 | D:6      | Identified the +2 mace of Emiymehi {vorpal, rElec}
  8073 | D:7      | Noticed Dowan
  8077 | D:7      | Killed Dowan
  8144 | D:7      | Reached * piety under Okawaru
  8252 | D:7      | Reached XP level 9. HP: 66/71 MP: 1/12
  8252 | D:7      | Noticed a troll
  8269 | D:7      | Killed a troll
  8270 | D:7      | Reached skill level 5 in Invocations
  8321 | D:7      | Noticed Duvessa
  8340 | D:7      | Killed Duvessa
  8629 | D:7      | Found a runed translucent gate.
  8629 | D:7      | Noticed Bediveer's ghost (novice MiBe)
  8629 | D:7      | Identified the +1 chain mail of Starshine {Harm *Corrode
                  | rN+ Str+5}
  8630 | D:7      | Found a runed translucent gate.
  8631 | D:7      | Found a runed translucent gate.
  8801 | D:7      | Reached skill level 9 in Short Blades
  9435 | D:7      | Reached ** piety under Okawaru
 10007 | D:8      | Reached skill level 10 in Short Blades
 10183 | D:7      | Reached skill level 1 in Throwing
 10326 | D:8      | Noticed Joseph
 10349 | D:8      | Killed Joseph
 10350 | D:8      | Reached XP level 10. HP: 77/80 MP: 11/15
 10377 | D:8      | Found Emakaoq's Book Shoppe.
 10434 | D:8      | Reached skill level 5 in Fighting
 10473 | D:8      | Noticed Harold
 10489 | D:8      | Slain by Harold

Illustrated notes

Levels and vault maps discovered:
D:1:      amcnicky_arrival_blooded_trapdoor, layout_loops_ring,
          shapermc_ecumenical_altar_petra
D:2:      layout_loops_corners, st_stairs_11, minmay_three_crescents
D:3:      layout_loops_ring
D:4:      layout_gridville, overflow_temple_1_default, minmay_mini_ossuary,
          uniq_blork_the_orc
D:5:      layout_basic, nicolae_elyvilon_temple_path,
          grunt_temple_overflow_octagram, minmay_temple_entry_junction,
          minivault_11, uniq_pikel, uniq_menkaure
D:6:      layout_cave_pools, overflow_temple_1_default, serial_column_ruins,
          column_ruins_columns_straight, column_ruins_corridor_dead_end,
          column_ruins_open_tiny, column_ruins_corridor_straight,
          column_ruins_grid_3, uniq_crazy_yiuf_cottage, uniq_prince_ribbit1
D:7:      layout_basic, serial_aquarium, aquarium_bridge_square
          [aquarium_subvault_window, aquarium_subvault_bridge,
          aquarium_subvault_bridge, aquarium_subvault_bridge],
          aquarium_bridge_straight [aquarium_subvault_bridge,
          aquarium_subvault_window, aquarium_subvault_bridge,
          aquarium_subvault_wall], aquarium_window_corner, aquarium_window_1,
          aquarium_view_2c, aquarium_balcony_double_4, aquarium_pool_corner,
          biasface_ghost_orc_armoury, minmay_fractal_squares_gapless_5,
          uniq_duvessa
D:8:      minmay_distorted_concentric_squares, layout_gridville, serial_shops,
          shop, uniq_joseph, uniq_harold
Temple:   minmay_temple_curvy_loop

Skill      XL: |  1  2  3  4  5  6  7  8  9 10 |
---------------+-------------------------------+-----
Hexes          | 3 4 5 |  5.0
Ice Magic      | 1 2 3 |  3.0
Short Blades   | 2 3 5 6 8 10 | 10.0
Fighting       | 1 4 5 |  5.0
Invocations    | 4 7 |  7.0
Dodging        | 2 3 |  3.1
Throwing       | 2 |  2.2
Stealth        | |  2.6
Spellcasting   | |  2.2

Action                   |  1- 3 |  4- 6 |  7- 9 | 10-12 || total
-------------------------+-------+-------+-------+-------++-------
Melee: Dagger            |   128 |    89 |    59 |     6 ||   282
       Tailslap          |     9 |    22 |    48 |     3 ||    82
       Whip              |       |    88 |   143 |    14 ||   245
       Punch             |       |       |     1 |       ||     1
Throw: Stone             |    76 |    17 |       |       ||    93
       Dart              |       |       |    18 |       ||    18
 Cast: Ensorcelled Hiber |     7 |    17 |    34 |     1 ||    59
       Confusing Touch   |       |     3 |    19 |     3 ||    25
Invok: Heroism           |       |       |     3 |     1 ||     4
 Abil: Breathe Acid      |       |       |     7 |     2 ||     9
  Use: Scroll            |       |     9 |     1 |     1 ||    11
 Stab: Sleeping          |     7 |    15 |    13 |       ||    35
       Confused          |       |     1 |    17 |     1 ||    19
Armor: Skin              |    32 |    45 |    88 |     1 ||   166
Dodge: Dodged            |    57 |    77 |   115 |    12 ||   261

Table legend: (Time is in decaauts)
 A = Elapsed time spent in this place.
 B = Non-inter-level travel time spent in this place.
 C = Inter-level travel time spent in this place.
 D = Time resting spent in this place.
 E = Time spent auto-exploring this place.
 F = Levels seen in this place.
 G = Mean time per level.
                   A        B        C        D        E       F      G
               +--------+--------+--------+--------+--------+-----+--------+
         Total |  10455 |  10189 |    266 |     96 |   8347 |   9 | 1161.7 |
       Dungeon |  10239 |   9998 |    241 |     96 |   8158 |   8 | 1279.9 |
        Temple |    216 |    192 |     24 |      0 |    189 |   1 |  216.0 |
               +--------+--------+--------+--------+--------+-----+--------+

Top non-repeatable levels by time:
     D:4: 2330 daAuts
     D:7: 2127 daAuts
     D:5: 1608 daAuts
     D:2: 1280 daAuts
     D:1: 1157 daAuts
     D:6: 764 daAuts
     D:3: 681 daAuts
     D:8: 289 daAuts
  Temple: 216 daAuts
